 Dungeon Crawl Stone Soup version 0.29.0-4-gdea44cf6ec (webtiles) character file.

Game seed: 12793681550901009280

1258 qw the Cleaver (level 8, -10/63 HPs)
             Began as a Formicid Cinder Acolyte on Sept 4, 2022.
             Was a Priest of Ignis.
             Mangled by a two-headed ogre
             ... wielding a +0 giant club
              (11 damage)
             ... on level 6 of the Dungeon.
             The game lasted 00:02:04 (5869 turns).

qw the Cleaver (Formicid Cinder Acolyte)            Turns: 5869, Time: 00:02:05

Health: -10/63     AC: 17    Str: 19    XL:     8   Next: 81%
Magic:  9/9        EV: 11    Int: 14    God:    Ignis [***...]
Gold:   303        SH:  0    Dex: 13    Spells: 9/9 levels left

rFire   + . .      SeeInvis +   Y - +0 war axe
rCold   . . .      Faith    .   (no shield)
rNeg    . . .      Spirit   .   d - +0 chain mail
rPois   .          Reflect  .   (helmet unavailable)
rElec   .          Harm     .   (no cloak)
rCorr   .          Rampage  .   j - +0 pair of gloves
Will    .....                   (no boots)
Stlth   ..........              (no amulet)
HPRegen 0.20/turn               b - +4 ring of evasion
MPRegen 0.11/turn               (no ring)

@: fiery-armoured
A: permanent stasis, dig shafts and tunnels, antennae 3, four strong arms, agile
1, MP-powered wands
a: Dig, Shaft Self, Renounce Religion, Fiery Armour, Foxfire Swarm, Rising Flame


You were on level 6 of the Dungeon.
You worshipped Ignis.
Ignis was most pleased with you.
You visited 1 branch of the dungeon, and saw 6 of its levels.

You collected 303 gold pieces.


Innate Abilities, Weirdness & Mutations

You cannot be hasted, slowed, berserked, paralysed or teleported.
You can dig through walls and to a lower floor.
You have a pair of large antennae on your head. (SInv)
Your four strong arms can wield two-handed weapons with a shield.
You are agile. (Dex +4, Str/Int -1)
You expend magic power (3 MP) to strengthen your wands.


   Skills:
 - Level 5.6 Fighting
 + Level 8.9 Axes
 - Level 1.1 Throwing
 - Level 3.0 Armour
 - Level 1.1 Dodging
 - Level 1.1 Spellcasting
 - Level 3.0 Fire Magic


You had 9 spell levels left.
You didn't know any spells.
Your spell library contained the following spells:

 Spells                   Type           Power      Damage    Failure   Level
 Scorch                   Fire           18%        2d5       80%         2

Inventory:

Hand Weapons
 c - a +0 hand axe of flaming
 Y - a +0 war axe (weapon)
Armour
 d - a +0 chain mail (worn)
 j - a +0 pair of gloves (worn)
 k - a +0 cloak
Jewellery
 b - a +4 ring of evasion (left hand)
Scrolls
 a - a scroll of identify
Potions
 e - a potion of lignification {unknown}
 g - a potion of mutation
 h - a potion of ambrosia {unknown}
 i - a potion of brilliance {unknown}

Dungeon Overview and Level Annotations

Branches:
Dungeon (6/15)             Temple (0/1) D:4

Altars:
Cheibriados
The Shining One

Annotations:
D:3 1 runed translucent door, Crazy Yiuf
D:4 1 runed translucent door, qw's ghost, amateur FoCA


Message History

You slash the two-headed ogre!
The two-headed ogre is moderately wounded.
The two-headed ogre hits you but does no damage.
The two-headed ogre closely misses you.
You hit the two-headed ogre.
The two-headed ogre is moderately wounded.
You barely miss the two-headed ogre.
The two-headed ogre is moderately wounded.
The two-headed ogre hits you with a +0 giant club!!
The two-headed ogre closely misses you.
5864 ||| INVOKING Fiery Armour.
A protective cloak of flame settles atop you.
The two-headed ogre hits you with a +0 giant club.
The two-headed ogre is burned by your cloak of flames.
The two-headed ogre is moderately wounded.
The two-headed ogre hits you with a +0 giant club!!
The two-headed ogre is burned by your cloak of flames.
The two-headed ogre is moderately wounded.
5865 ||| DRINKING potion of heal wounds.
You feel much better.
You hit the two-headed ogre.
The two-headed ogre is heavily wounded.
The two-headed ogre hits you with a +0 giant club.
The two-headed ogre is burned by your cloak of flames.
The two-headed ogre is heavily wounded.
The two-headed ogre hits you with a +0 giant club!
The two-headed ogre is burned by your cloak of flames.
The two-headed ogre is severely wounded.
You barely miss the two-headed ogre.
The two-headed ogre is severely wounded.
The two-headed ogre hits you with a +0 giant club.
The two-headed ogre is burned by your cloak of flames.
The two-headed ogre is severely wounded.
The two-headed ogre barely misses you.
You slash the two-headed ogre!
The two-headed ogre is almost dead.
You hit the two-headed ogre but do no damage.
The two-headed ogre is almost dead.
The two-headed ogre hits you with a +0 giant club!
You die...

.##.### #.#.#
#.....##.......#
.#### #.#..
...########.####
.# #.### ####
#.# .# #.##
#############.#
.# #.
...........#.#
#.#
#.#<......#.#
..###........).#
#O#.........###
#@##.......#
####.......#
.........#
###########


You could see a two-headed ogre.

Vanquished Creatures
  2 water moccasins
  A black bear (D:4)
  An ogre (D:5)
  A phantom (D:4)
  A bullfrog (D:5)
  A scorpion (D:5)
  A howler monkey (D:5)
  3 hounds (D:5)
  2 orc priests
  4 jellies
  Ijyb (D:4)
  2 iguanas
  4 orc wizards
  A mummy (D:5)
  3 gnolls (D:3)
  3 adders
  An ufetubus (D:5)
  A worm (D:5)
  3 dart slugs
  17 orcs
  6 endoplasms
  7 hobgoblins
  6 jackals
  4 quokkas
  12 ball pythons
  6 bats
  5 frilled lizards
  6 goblins
  2 kobolds
  6 rats
113 creatures vanquished.

Vanquished Creatures (others)
  2 plants (D:2)
2 creatures vanquished.

Grand Total: 115 creatures vanquished

Notes
Turn   | Place    | Note
-------+----------+-------------------------------------------
     0 | D:1      | qw the Formicid Cinder Acolyte began the quest for the Orb.
     0 | D:1      | Reached XP level 1. HP: 18/18 MP: 2/2
     0 | D:1      | 0 ||| qw: Version: 0.1-a-103-gd6f5d3a
     0 | D:1      | 0 ||| qw: Game counter: 5374
     0 | D:1      | 0 ||| qw: Always use a shield: true
     0 | D:1      | 0 ||| qw: God list: Okawaru
     0 | D:1      | 0 ||| qw: Allow faded altars: false
     0 | D:1      | 0 ||| qw: Do Orc after D:15 true
     0 | D:1      | 0 ||| qw: Do second Lair branch before Depths: true
     0 | D:1      | 0 ||| qw: Lair rune preference: random
     0 | D:1      | 0 ||| qw: Plans: Normal
     0 | D:1      | 0 ||| PLANNING D:1-11
   332 | D:1      | Reached XP level 2. HP: 24/24 MP: 3/3
   509 | D:1      | 509 ||| Stepping ~*~*~tactically~*~*~ (stealth).
  1252 | D:1      | 1252 ||| UPGRADING to +0 chain mail.
  1262 | D:1      | 1262 ||| DROPPING +0 robe.
  1263 | D:1      | 1263 ||| READING scroll labelled JEUNAS HOHISA.
  1264 | D:1      | 1264 ||| READING scroll labelled HEUNNOAMAS.
  1265 | D:1      | 1265 ||| READING scroll labelled TEXUOH KO ZUSCH.
  1266 | D:1      | 1266 ||| READING scroll labelled XAIRAB VIDUA.
  1267 | D:1      | 1267 ||| Stepping randomly (stuck).
  1268 | D:1      | 1268 ||| Stepping ~*~*~tactically~*~*~ (cloud).
  1479 | D:2      | Reached XP level 3. HP: 29/29 MP: 4/4
  1534 | D:2      | Reached skill level 1 in Armour
  1536 | D:2      | Reached skill level 4 in Axes
  1550 | D:2      | 1550 ||| Stepping ~*~*~tactically~*~*~ (hiding).
  1717 | D:2      | 1717 ||| FLEEEEING.
  1718 | D:2      | 1718 ||| FLEEEEING.
  1719 | D:2      | 1719 ||| FLEEEEING.
  1720 | D:2      | 1720 ||| FLEEEEING.
  1721 | D:2      | 1721 ||| FLEEEEING.
  1787 | D:2      | Reached skill level 1 in Throwing
  2171 | D:2      | 2171 ||| READING scroll labelled HIEDET KOLY.
  2272 | D:2      | 2272 ||| READING scroll labelled RERIYTU ZYNO.
  2273 | D:2      | 2273 ||| DRINKING 2 fizzy golden potions.
  2273 | D:2      | Gained mutation: You are agile. (Dex +4, Str/Int -1)
                  | [potion of mutation]
  2273 | D:2      | Gained mutation: You expend magic power (3 MP) to
                  | strengthen your wands. [potion of mutation]
  2306 | D:3      | 2306 ||| INVOKING Fiery Armour.
  2313 | D:3      | Reached XP level 4. HP: 28/35 MP: 5/5
  2521 | D:3      | 2521 ||| Stepping ~*~*~tactically~*~*~ (stealth).
  2523 | D:3      | 2523 ||| Stepping ~*~*~tactically~*~*~ (stealth).
  2525 | D:3      | 2525 ||| Stepping ~*~*~tactically~*~*~ (stealth).
  2526 | D:3      | 2526 ||| Stepping ~*~*~tactically~*~*~ (stealth).
  2527 | D:3      | 2527 ||| Stepping ~*~*~tactically~*~*~ (stealth).
  2532 | D:3      | 2532 ||| INVOKING Fiery Armour.
  2596 | D:3      | You fall into a shaft and drop 1 floor!
  2598 | D:4      | 2598 ||| Stepping ~*~*~tactically~*~*~ (hiding).
  2618 | D:4      | Reached skill level 5 in Axes
  2618 | D:4      | Reached XP level 5. HP: 19/41 MP: 6/6
  2788 | D:4      | 2788 ||| READING scroll labelled UDUSCH DICKO.
  2789 | D:4      | 2789 ||| READING scroll labelled FIJ VAORYUNNERCH.
  2791 | D:4      | Found a runed translucent door.
  2798 | D:3      | 2798 ||| Stepping ~*~*~tactically~*~*~ (hiding).
  2799 | D:3      | 2799 ||| Stepping ~*~*~tactically~*~*~ (hiding).
  2815 | D:3      | Reached skill level 1 in Dodging
  2879 | D:3      | Found a runed translucent door.
  2880 | D:3      | Noticed Crazy Yiuf
  3112 | D:3      | 3112 ||| Stepping ~*~*~tactically~*~*~ (stealth).
  3160 | D:3      | Found a glowing golden altar of the Shining One.
  3339 | D:3      | 3339 ||| UPGRADING to +4 ring of evasion.
  3340 | D:3      | 3340 ||| READING scroll labelled ENA OMAMEUKKAI.
  3480 | D:4      | Noticed Ijyb
  3496 | D:4      | Killed Ijyb
  3497 | D:4      | Reached XP level 6. HP: 31/47 MP: 7/7
  3616 | D:4      | 3616 ||| INVOKING Fiery Armour.
  3619 | D:4      | 3619 ||| FLEEEEING.
  3620 | D:4      | 3620 ||| FLEEEEING.
  3621 | D:4      | 3621 ||| FLEEEEING.
  3630 | D:4      | Noticed qw's ghost (amateur FoCA)
  3655 | D:4      | 3655 ||| FLEEEEING.
  3664 | D:4      | 3664 ||| STAIRDANCE
  3865 | D:4      | 3865 ||| Stepping ~*~*~tactically~*~*~ (stealth).
  3866 | D:4      | 3866 ||| Stepping ~*~*~tactically~*~*~ (stealth).
  3867 | D:4      | 3867 ||| Stepping ~*~*~tactically~*~*~ (stealth).
  3868 | D:4      | 3868 ||| Stepping ~*~*~tactically~*~*~ (stealth).
  3869 | D:4      | 3869 ||| Stepping ~*~*~tactically~*~*~ (stealth).
  3870 | D:4      | 3870 ||| Stepping ~*~*~tactically~*~*~ (stealth).
  3871 | D:4      | 3871 ||| Stepping ~*~*~tactically~*~*~ (stealth).
  3872 | D:4      | 3872 ||| Stepping ~*~*~tactically~*~*~ (stealth).
  3873 | D:4      | 3873 ||| Stepping ~*~*~tactically~*~*~ (stealth).
  3874 | D:4      | 3874 ||| Stepping ~*~*~tactically~*~*~ (stealth).
  3954 | D:4      | Reached skill level 6 in Axes
  4169 | D:4      | 4169 ||| SWAPPING to +0 war axe.
  4358 | D:4      | 4358 ||| Stepping ~*~*~tactically~*~*~ (stealth).
  4427 | D:4      | 4427 ||| Stepping ~*~*~tactically~*~*~ (hiding).
  4435 | D:4      | Reached XP level 7. HP: 51/54 MP: 8/8
  4479 | D:4      | 4479 ||| Stepping ~*~*~tactically~*~*~ (stealth).
  4500 | D:4      | Found a staircase to the Ecumenical Temple.
  4685 | D:4      | 4685 ||| READING scroll labelled BUYNON PESEIWK.
  4686 | D:4      | 4686 ||| READING scroll labelled TYLUFE TARIC.
  4687 | D:4      | 4687 ||| DRINKING 3 dark potions.
  4694 | D:5      | Entered Level 5 of the Dungeon
  4700 | D:5      | 4700 ||| Stepping ~*~*~tactically~*~*~ (stealth).
  4708 | D:5      | Reached skill level 7 in Axes
  4719 | D:5      | 4719 ||| Stepping ~*~*~tactically~*~*~ (stealth).
  4731 | D:5      | 4731 ||| INVOKING Fiery Armour.
  4733 | D:5      | HP: 13/54 [scorpion (5)]
  4738 | D:5      | HP: 8/54 [poisoned by a scorpion]
  4775 | D:5      | 4775 ||| Stepping ~*~*~tactically~*~*~ (stealth).
  4779 | D:5      | HP: 13/54 [iguana (3)]
  4780 | D:5      | HP: 5/54 [iguana (8)]
  4842 | D:5      | 4842 ||| INVOKING Fiery Armour.
  4847 | D:5      | Reached XP level 8. HP: 16/60 MP: 9/9
  4850 | D:5      | Reached skill level 8 in Axes
  4890 | D:5      | 4890 ||| DRINKING 2 potions of curing.
  4890 | D:5      | 4890 ||| (to cure confusion)
  4892 | D:5      | 4892 ||| DRINKING potion of curing.
  4892 | D:5      | 4892 ||| (to cure confusion)
  4894 | D:5      | Reached skill level 3 in Armour
  4895 | D:5      | 4895 ||| Stepping ~*~*~tactically~*~*~ (hiding).
  4953 | D:5      | 4953 ||| FLEEEEING.
  4954 | D:5      | 4954 ||| FLEEEEING.
  4955 | D:5      | 4955 ||| FLEEEEING.
  4956 | D:5      | 4956 ||| FLEEEEING.
  4957 | D:5      | 4957 ||| FLEEEEING.
  4958 | D:5      | 4958 ||| FLEEEEING.
  4959 | D:5      | 4959 ||| FLEEEEING.
  4960 | D:5      | 4960 ||| FLEEEEING.
  4961 | D:5      | 4961 ||| FLEEEEING.
  4962 | D:5      | 4962 ||| STAIRDANCE
  5022 | D:5      | 5022 ||| STAIRDANCE
  5123 | D:5      | 5123 ||| INVOKING Fiery Armour.
  5355 | D:5      | Identified the +11 morningstar of Kiwk {freeze, rC- rN++}
  5397 | D:5      | 5397 ||| Stepping ~*~*~tactically~*~*~ (stealth).
  5628 | D:5      | Found a snail-covered altar of Cheibriados.
  5640 | D:5      | 5640 ||| UPGRADING to +0 pair of gloves.
  5645 | D:5      | 5645 ||| DRINKING 2 grey potions.
  5646 | D:5      | 5646 ||| DRINKING 2 pink potions.
  5647 | D:5      | 5647 ||| DROPPING potion of flight.
  5749 | D:6      | 5749 ||| Stepping ~*~*~tactically~*~*~ (stealth).
  5751 | D:6      | 5751 ||| Stepping ~*~*~tactically~*~*~ (stealth).
  5752 | D:6      | 5752 ||| Stepping ~*~*~tactically~*~*~ (stealth).
  5753 | D:6      | 5753 ||| Stepping ~*~*~tactically~*~*~ (stealth).
  5758 | D:6      | 5758 ||| Stepping ~*~*~tactically~*~*~ (stealth).
  5857 | D:6      | Noticed a two-headed ogre
  5864 | D:6      | 5864 ||| INVOKING Fiery Armour.
  5864 | D:6      | HP: 5/63 [two-headed ogre/+0 giant club (19)]
  5865 | D:6      | 5865 ||| DRINKING potion of heal wounds.
  5867 | D:6      | HP: 1/63 [two-headed ogre/+0 giant club (3)]
  5869 | D:6      | Mangled by a two-headed ogre

Levels and vault maps discovered:
D:1:      lemuel_arrival_rhombus, layout_loops_ring,
          wander_ebering_terrifying_dragon_lair
D:2:      layout_basic, serial_bayou_pond_b
D:3:      layout_rooms, mainiacjoe_overflow_surrounded_room, minivault_26,
          eino_tiny_chamber, uniq_crazy_yiuf_cottage
D:4:      layout_layer_cave, minmay_temple_entry_mist, ebering_ghost_sewer_d,
          corexii_item_surrounded_by_moat, uniq_ijyb
D:5:      layout_rooms, slow_altar_2
D:6:      layout_loops_cross, nicolae_ru_awakened_eye, uniq_blork_the_orc,
          uniq_sigmund

Skill      XL: |  1  2  3  4  5  6  7  8 |
---------------+-------------------------+-----
Armour         | 1 2 3 |  3.0
Axes           | 4 5 6 7 8 |  8.9
Throwing       | 1 |  1.1
Dodging        | 1 |  1.1
Fighting       | 4 5 |  5.6
Spellcasting   | |  1.1
Fire Magic     | |  3.0

Action                   |  1- 3 |  4- 6 |  7- 9 || total
-------------------------+-------+-------+-------++-------
Melee: Hand axe          |   103 |   113 |       ||   216
       Punch             |     1 |     3 |     1 ||     5
       War axe           |       |    18 |   110 ||   128
Throw: Javelin           |    11 |     2 |       ||    13
       Boomerang         |     4 |       |       ||     4
Invok: Fiery Armour      |     1 |     2 |     4 ||     7
  Use: Scroll            |     6 |     3 |     2 ||    11
       Potion            |     1 |       |     6 ||     7
Armor: Robe              |    10 |       |       ||    10
       Chain mail        |    20 |    54 |    46 ||   120
Dodge: Dodged            |    56 |    56 |    59 ||   171

Table legend:
 A = Non-vault XP
 B = Vault XP
 C = Vault XP percentage of total XP
 D = Non-vault monster count
 E = Vault monster count
 F = Vault count percentage of total count
                 A         B        C        D         E       F
            +---------+---------+-------+---------+---------+-------
      Total |    1735 |      63 |   3.5 |     107 |       6 |   5.3
            +---------+---------+-------+---------+---------+-------
        D:1 |      27 |       1 |   3.6 |      16 |       1 |   5.9
        D:2 |      32 |       6 |  15.8 |      19 |       3 |  13.6
        D:3 |     127 |       0 |   0.0 |      24 |       0 |   0.0
        D:4 |     441 |      38 |   7.9 |      22 |       1 |   4.3
        D:5 |     886 |      18 |   2.0 |      18 |       1 |   5.3
        D:6 |     222 |       0 |   0.0 |       8 |       0 |   0.0
            +---------+---------+-------+---------+---------+-------
